 Dungeon Crawl Stone Soup version 0.20.0-8-g6b59dc7 (webtiles) character file.

467 fht4gn the Magician (level 6, -3/34 HPs)
             Began as a Deep Elf Wizard on June 1, 2017.
             Slain by a centaur skeleton (8 damage)
             ... on level 5 of the Dungeon.
             The game lasted 00:40:08 (3918 turns).

fht4gn the Magician (Deep Elf Wizard)               Turns: 3918, Time: 00:40:10

Health: -3/34      AC:  5    Str:  6    XL:     6   Next: 81%
Magic:  3/17       EV: 14    Int: 23    God:
Gold:   225        SH:  0    Dex: 13    Spells: 6/17 levels left

rFire    . . .     SeeInvis .   a - +3 short sword (speed)
rCold    . . .     Gourm    .   (no shield)
rNeg     . . .     Faith    .   l - +0 robe
rPois    .         Spirit   .   b - +0 hat
rElec    .         Reflect  .   r - +1 cloak
rCorr    .         Harm     .   w - +0 pair of gloves (curse)
MR       .....                  (no boots)
Stlth    ++........             (no amulet)
Regen    0.2/turn               (no ring)
MPRegen  0.2/turn               (no ring)

@: about to teleport
A: no striking features
a: no special abilities


You were on level 5 of the Dungeon.
You were not hungry.

You visited 1 branch of the dungeon, and saw 6 of its levels.

You collected 225 gold pieces.

Inventory:

Hand Weapons
 a - a +3 short sword of speed (weapon)
Missiles
 z - 20 arrows
Armour
 b - a +0 hat (worn)
 l - a +0 robe (worn)
 r - a +1 cloak (worn)
 w - a cursed +0 pair of gloves (worn)
Magical Staves
 s - an uncursed staff of wizardry {unknown}
Wands
 q - a wand of acid (2/15)
Scrolls
 e - a scroll of identify {unknown}
 f - a scroll of remove curse {unknown}
 g - 3 scrolls of teleportation
 h - a scroll of fog {unknown}
 i - a scroll of enchant weapon
 k - a scroll of noise {unknown}
 m - a scroll of random uselessness {unknown}
 n - a scroll of recharging {unknown}
 y - a scroll of fear {unknown}
Potions
 p - a potion of flight {unknown}
 t - 2 potions of lignification {unknown}
 v - a potion of haste {unknown}
Books
 c - a book of Minor Magic

   Spells                             Type                      Level
   a - Magic Dart                     Conjuration                  1
   b - Blink                          Translocation                2
   c - Call Imp                       Summoning                    2
   d - Slow                           Hexes                        2
   e - Conjure Flame                  Conjuration/Fire             3
   f - Mephitic Cloud                 Conjuration/Poison/Air       3
 u - a book of Cantrips

   Spells                             Type                      Level
   a - Confusing Touch                Hexes                        1
   b - Animate Skeleton               Necromancy                   1
   c - Summon Small Mammal            Summoning                    1
   d - Apportation                    Translocation                1
Comestibles
 d - 7 bread rations
 j - 2 fruits
 o - 4 meat rations
 A - 4 chunks of flesh


   Skills:
 + Level 1.6 Fighting
 - Level 2.0 Short Blades
 + Level 4.2 Dodging
 - Level 3.0 Stealth
 + Level 6.2 Spellcasting
 - Level 2.0 Conjurations
 - Level 3.1 Hexes
   Level 1.1 Summonings
 - Level 1.0 Necromancy
 - Level 1.1 Translocations
 + Level 1.2 Air Magic
 + Level 1.4 Poison Magic
 - Level 1.0 Evocations


You had 6 spell levels left.
You knew the following spells:

 Your Spells              Type           Power        Failure   Level  Hunger
a - Magic Dart            Conj           ###.         3%          1    None
b - Slow                  Hex            ###.....     3%          2    None
c - Blink                 Tloc           N/A          8%          2    None
d - Mephitic Cloud        Conj/Pois/Air  ##......     13%         3    #......
e - Confusing Touch       Hex            ###...       2%          1    None
g - Apportation           Tloc           ##....       5%          1    None
s - Animate Skeleton      Necr           N/A          5%          1    None


Dungeon Overview and Level Annotations

Branches:
Dungeon (6/15)
 Temple: D:4-7

Altars:

Shops:
D:5 %

Annotations:
D:1 cleared
D:2 cleared
D:3 cleared
D:6 Blork the orc


Message History

Okay, then.
Evoke which item? (* to show all) (? for menu, Esc to quit)
Okay, then.
As you read the scroll labeled YFUOGH CORGH, it crumbles to dust.
It is a scroll of enchant weapon.
Your +2 short sword of speed glows red for a moment.
The centaur skeleton hits you but does no damage.
The water moccasin bites you but does no damage.
The quokka closely misses you.
You feel better. The water moccasin closely misses you.
The centaur skeleton hits you.
* * * LOW HITPOINT WARNING * * *
The quokka barely misses you.
As you read the scroll of teleportation, it crumbles to dust.
You feel strangely unstable. The water moccasin bites you.
* * * LOW HITPOINT WARNING * * *
The centaur skeleton misses you. The quokka closely misses you.
The water moccasin bites you but does no damage.
The centaur skeleton hits you!
You die...

#.# ###...#...#......######
####.# #.#####.........)..##
##....# #...#...#.#..........
##.....########.#.##.(.#.##.##.##
#.........S.......###.##.##.##.##
.....[.####..............##.##...
#.#..........###..###..####.#####
#.###..####..# #r.###..####.# ##
#......# #..###@.$.........# ##.
###.#### #...oS.Z..#..########..
###.# #...##.##.#..# #... ....#
#...##.## #..# #... ..#..
#S$..?.. ...# #... ....#
#.....#.##....# #####.. .....
.........##..... ....... #...#.
.#...#.........# ####### .#...#.
.#...#.... #


You could see a water moccasin, an adder (wandering), an orc, a quokka and a
centaur skeleton.

Vanquished Creatures
  A sky beast (D:5)
  2 crimson imps (D:5)
  2 hounds
  An orc wizard (D:4)
  An iguana (D:6)
  2 worker ants
  A hound skeleton (D:5)
  4 adders
  2 oozes
  A worm (D:5)
  6 dart slugs
  2 leopard geckos
  9 orcs
  10 bats
  5 giant cockroaches
  9 goblins
  2 hobgoblins (D:3)
  4 jackals (D:2)
  4 quokkas
  3 frilled lizards (D:2)
  5 kobolds
  2 rats
78 creatures vanquished.

Notes
Turn   | Place    | Note
-------+----------+-------------------------------------------
     0 | D:1      | fht4gn the Deep Elf Wizard began the quest for the Orb.
     0 | D:1      | Reached XP level 1. HP: 10/10 MP: 7/7
   394 | D:1      | Reached XP level 2. HP: 16/16 MP: 2/9
  1058 | D:2      | Reached skill level 1 in Fighting
  1062 | D:2      | Reached XP level 3. HP: 20/20 MP: 2/11
  1183 | D:2      | Learned a level 2 spell: Slow
  1186 | D:2      | Learned a level 2 spell: Blink
  1190 | D:2      | Learned a level 3 spell: Mephitic Cloud
  1457 | D:2      | Reached skill level 5 in Spellcasting
  1657 | D:3      | Reached skill level 1 in Short Blades
  1777 | D:3      | Reached XP level 4. HP: 25/25 MP: 7/13
  2023 | D:3      | Learned a level 1 spell: Apportation
  2025 | D:3      | Learned a level 1 spell: Animate Skeleton
  2029 | D:3      | Learned a level 1 spell: Confusing Touch
  2270 | D:4      | Reached skill level 1 in Hexes
  2321 | D:3      | Reached skill level 1 in Evocations
  2468 | D:4      | Noticed a phantom
  2577 | D:4      | Reached skill level 1 in Necromancy
  2577 | D:4      | Reached XP level 5. HP: 10/29 MP: 1/14
  2698 | D:3      | HP: 1/29 [orc wizard/dagger of flaming (1)]
  2846 | D:4      | HP: 1/29 [phantom (8)]
  3054 | D:5      | Entered Level 5 of the Dungeon
  3149 | D:5      | Found Nurr's Food Emporium.
  3162 | D:5      | Reached skill level 1 in Air Magic
  3193 | D:5      | Noticed a sky beast
  3259 | D:5      | Reached skill level 1 in Poison Magic
  3400 | D:5      | Noticed an ogre
  3409 | D:5      | Noticed a hungry ghost
  3436 | D:5      | Reached XP level 6. HP: 25/34 MP: 2/16
  3462 | D:5      | Noticed a sky beast
  3491 | D:5      | Killed a sky beast
  3491 | D:5      | Reached skill level 6 in Spellcasting
  3638 | D:6      | Noticed a sky beast
  3685 | D:5      | Noticed a water moccasin
  3685 | D:5      | Noticed a sky beast
  3898 | D:6      | Noticed Blork the orc
  3918 | D:5      | Slain by a centaur skeleton

Skill      XL: |  1  2  3  4  5  6 |
---------------+-------------------+-----
Fighting       | 1 |  1.6
Conjurations   | 2 |  2.0
Stealth        | 3 |  3.0
Spellcasting   | 5 6 |  6.2
Short Blades   | 1 2 |  2.0
Dodging        | 3 4 |  4.2
Hexes          | 2 3 |  3.1
Evocations     | 1 |  1.0
Necromancy     | 1 |  1.0
Air Magic      | 1 |  1.2
Poison Magic   | 1 |  1.4
Summonings     | |  1.1
Translocations | |  1.1

Action                   |  1- 3 |  4- 6 || total
-------------------------+-------+-------++-------
Melee: Unarmed           |     2 |       ||     2
       Short sword       |    24 |    85 ||   109
 Cast: Magic Dart        |    96 |   138 ||   234
       Blink             |     2 |     2 ||     4
       Slow              |       |    27 ||    27
       Confusing Touch   |       |     2 ||     2
       Animate Skeleton  |       |     1 ||     1
       Mephitic Cloud    |       |     1 ||     1
Evoke: Wand              |       |     1 ||     1
  Use: Potion            |     1 |     3 ||     4
       Scroll            |     1 |     5 ||     6
 Stab: Sleeping          |     1 |     1 ||     2
       Distracted        |       |     1 ||     1
  Eat: Chunk             |     2 |     7 ||     9
Armor: Robe              |    17 |    30 ||    47
Dodge: Dodged            |    52 |    86 ||   138
